Map: Arctic Dream LE

Players

JimboJimbob - Winner!

  • Race: Zerg Zerg
  • Spawn Location: 6:00

TheBlackDog - Winner!

  • Race: Protoss Protoss
  • Spawn Location: 5:00

qqq

  • Race: Zerg Zerg
  • League: Platinum
  • Spawn Location: 11:00

Massa

  • Race: Terran Terran
  • League: Gold
  • Spawn Location: 12:00

VOD

Have the link to the VOD?

Description

Time

  • Played on: May 30, 2020, 5:57 a.m.
  • Length: 9:28
Show
View Real Time Build Order
Export as new Build Order

JimboJimbob Zerg - Winner!

Build Orders: Hatch First 

Get SALT Encoding   

  12  0:01  Drone  
  13  0:08  Drone  
  14  0:17  Overlord  
  14  0:35  Drone x3  
  17  0:56  Hatchery  
  16  1:07  Spawning Pool  
  16  1:09  Extractor  
  16  1:10  Drone  
  15  1:14  Drone  
  16  1:20  Drone  
  17  1:29  Drone  
  18  1:34  Drone  
  19  1:43  Drone  
  20  2:00  Drone  
  21  2:08  Hatchery, Overlord  
  21  2:10  Zergling x2  
  21  2:14  Queen  
  23  2:24  Queen  
  25  2:33  Drone x2  
  25  2:34  Drone  
  25  2:36  Drone  
  29  2:40  Drone  
  30  2:50  Baneling Nest  
  29  2:51  Metabolic Boost  
  29  2:59  Zergling x2  
  29  3:00  Zergling x4  
  32  3:16  Zergling x6  
  32  3:17  Zergling x2  
  36  3:27  Queen  
  36  3:28  Zergling x4  
  36  3:29  Zergling x2  
  36  3:32  Overlord  
  41  3:37  Baneling x2  
  41  3:50  Zergling x2  
  41  3:51  Zergling x12  
  48  3:57  Drone x2  
  48  4:08  Drone x2  
  48  4:09  Drone  
  50  4:14  Lair  
  50  4:27  Baneling x2  
  45  4:41  Baneling x3  
  45  4:51  Zergling x8  
  48  5:18  Zergling x6  
  50  5:29  Extractor  
  45  5:49  Zergling x2  
  44  5:50  Zergling x16  
  49  5:57  Extractor  
  49  5:58  Extractor  
  49  6:00  Hydralisk Den  
  43  6:08  Baneling x5  
  43  6:09  Drone  
  43  6:10  Drone x5  
  49  6:41  Overlord x4  
  49  6:42  Overlord x3  
  49  6:54  Muscular Augments  
  49  7:00  Hydralisk x6, Evolution Chamber  
  60  7:02  Zergling x4  
  60  7:03  Zergling x4  
  60  7:04  Evolution Chamber  
  53  7:32  Hydralisk x6  
  63  7:37  Baneling  
  63  7:39  Zergling x18  
  63  7:42  Drone  
  73  7:57  Drone x4  
  73  7:58  Drone x4  
  81  8:06  Drone  
  81  8:07  Drone x3  
  85  8:18  Lurker Den  
  85  8:19  Baneling x3  
  84  8:25  Drone  
  84  8:26  Drone x3  
Show
View Real Time Build Order
Export as new Build Order

TheBlackDog Protoss - Winner!

Build Orders: Oracle Opening 

Get SALT Encoding   

  12  0:02  Probe  
  13  0:15  Pylon  
  13  0:18  Probe  
  14  0:30  Probe (Chrono Boost)  
  14  0:35  Forge  
  15  0:42  Probe (Chrono Boost)  
  16  0:49  Probe (Chrono Boost)  
  17  0:54  Gateway  
  17  0:56  Probe  
  18  1:04  Assimilator  
  18  1:12  Pylon  
  18  1:19  Probe (Chrono Boost), Pylon  
  19  1:31  Probe (Chrono Boost)  
  20  1:37  Probe (Chrono Boost)  
  21  1:40  Assimilator  
  21  1:48  Cybernetics Core  
  21  1:55  Pylon  
  21  1:58  Photon Cannon  
  20  2:48  Probe  
  21  2:56  Photon Cannon  
  21  2:59  Shield Battery  
  21  3:00  Probe (Chrono Boost)  
  21  3:03  Pylon  
  22  3:08  Stargate  
  22  3:09  Pylon  
  22  3:12  Probe (Chrono Boost)  
  22  3:21  Probe (Chrono Boost)  
  23  3:27  Probe  
  24  3:39  Probe  
  25  3:47  Nexus, Warp Gate (Chrono Boost)  
  25  3:49  Pylon  
  25  3:50  Pylon  
  25  3:51  Probe  
  25  3:52  Oracle (Chrono Boost)  
  29  4:14  Stalker  
  31  4:17  Probe  
  32  4:27  Gateway x2  
  32  4:31  Gateway  
  32  5:16  Void Ray (Chrono Boost)  
  36  5:21  Probe (Chrono Boost)  
  36  5:26  Probe (Chrono Boost)  
  38  5:31  Probe (Chrono Boost)  
  38  5:34  Stalker x2  
  38  5:35  Probe (Chrono Boost), Stalker  
  46  5:36  Probe (Chrono Boost), Stalker  
  49  5:45  Probe  
  49  5:48  Probe  
  51  5:57  Probe  
  51  6:00  Probe  
  53  6:14  Stalker x3  
  53  6:15  Void Ray (Chrono Boost), Stalker  
  65  6:21  Probe (Chrono Boost)  
  65  6:24  Assimilator  
  67  6:26  Probe (Chrono Boost)  
  67  6:28  Assimilator  
  67  6:31  Probe (Chrono Boost)  
  68  6:35  Probe (Chrono Boost)  
  66  6:40  Shield Battery  
  66  6:41  Shield Battery  
  66  6:43  Shield Battery  
  66  6:44  Stalker x2  
  70  6:51  Pylon  
  70  6:53  Pylon  
  70  7:08  Shield Battery  
  70  7:13  Photon Cannon  
  70  7:16  Pylon  
  56  7:32  Stalker x4  
  58  7:37  Void Ray (Chrono Boost)  
  58  7:43  Probe (Chrono Boost)  
  64  7:45  Probe (Chrono Boost)  
  64  7:55  Probe (Chrono Boost)  
  66  7:59  Probe (Chrono Boost)  
  66  8:04  Stalker x2  
  70  8:07  Probe  
  71  8:13  Nexus  
  71  8:14  Pylon  
  71  8:16  Pylon, Stalker  
  71  8:17  Stalker  
  75  8:27  Fleet Beacon  
  75  8:31  Probe x2  
  77  8:43  Probe  
  72  9:03  Stalker x3  
  72  9:04  Stalker  
  72  9:06  Probe x2  
  76  9:12  Pylon  
Show
View Real Time Build Order
Export as new Build Order

qqq Zerg 

Build Orders: Hatch First 

Get SALT Encoding   

  12  0:06  Drone  
  13  0:08  Drone  
  14  0:36  Hatchery  
  13  0:51  Spawning Pool  
  12  1:00  Overlord  
  12  1:02  Drone  
  13  1:06  Drone  
  14  1:14  Overlord  
  14  1:19  Extractor  
  14  1:22  Drone  
  14  1:34  Drone  
  15  1:44  Queen  
  17  1:47  Drone  
  18  2:01  Zergling x2  
  19  2:02  Drone x2  
  21  2:16  Zergling x2  
  21  2:17  Drone  
  21  2:20  Drone  
  21  2:21  Drone  
  25  2:25  Queen  
  25  2:29  Metabolic Boost  
  27  2:51  Zergling x6  
  29  2:52  Drone x3  
  31  3:13  Zergling x6  
  31  3:14  Drone  
  35  3:31  Overlord  
  35  3:32  Overlord  
  35  3:33  Overlord  
  35  3:41  Overlord  
  35  3:50  Zergling x2  
  35  3:52  Drone, Zergling x2  
  35  3:53  Hatchery  
  37  3:58  Zergling x2  
  37  3:59  Zergling x4  
  37  4:00  Drone x3  
  43  4:08  Zergling x2  
  43  4:09  Drone  
  45  4:23  Zergling x4  
  43  4:43  Zergling x6  
  43  4:44  Drone x2, Zergling x2  
  43  4:45  Drone x3, Zergling x2  
  47  5:19  Drone x2  
  47  5:20  Drone x5  
  47  5:21  Drone x2, Zergling x8  
  55  5:45  Zergling x4  
  55  5:46  Zergling x6  
  55  6:05  Zergling x2  
  55  6:06  Zergling x2  
  55  6:07  Zergling x2  
  58  6:32  Hatchery, Spore Crawler  
  56  6:35  Spore Crawler x2  
  56  6:36  Drone  
  56  6:37  Drone, Zergling x2, Spore Crawler  
  56  6:38  Zergling x6  
  57  6:43  Hatchery  
  57  6:44  Baneling Nest  
  57  6:45  Zergling x6  
  58  6:51  Hatchery  
  58  6:52  Hatchery  
  56  6:54  Hatchery  
  55  7:02  Zergling x2  
  55  7:03  Zergling x6  
  43  7:31  Zergling x2  
  43  7:32  Zergling x14  
  47  7:39  Baneling x5  
  47  7:42  Lair  
  47  7:46  Baneling x2  
  47  7:47  Baneling  
  47  7:48  Drone  
  47  7:49  Zergling x2  
  47  7:50  Zergling x4  
  51  7:54  Zergling x2  
  51  7:55  Drone x2  
  54  8:02  Zergling x2  
  55  8:07  Drone x4  
  55  8:10  Zergling x8  
  55  8:11  Zergling x6  
  55  8:12  Drone  
  67  8:17  Spore Crawler x2  
  65  8:21  Drone, Spore Crawler  
  65  8:23  Drone x5  
  65  8:24  Zergling x2  
  68  8:48  Zergling x2  
  68  8:49  Zergling x8  
  68  8:50  Drone, Zergling x10  
  68  8:51  Drone x2, Zergling x10  
  68  8:52  Zergling x4  
  73  9:05  Zergling x6  
  73  9:06  Zergling x8  
  75  9:10  Zergling x2  
Show
View Real Time Build Order
Export as new Build Order

Massa Terran 

Build Orders: 2 Factory 

Get SALT Encoding   

  12  0:11  Supply Depot  
  12  0:13  SCV  
  13  0:26  SCV  
  14  0:38  SCV  
  14  0:41  Barracks  
  15  0:50  Supply Depot  
  15  0:52  SCV  
  17  1:04  SCV  
  17  1:16  SCV  
  18  1:28  SCV  
  18  1:29  Refinery  
  18  1:31  Refinery  
  19  1:35  Supply Depot  
  19  1:40  SCV  
  20  2:02  Marine  
  21  2:20  Marine  
  19  2:37  Marine  
  20  2:47  Factory  
  20  2:52  Barracks  
  20  2:55  Marine  
  21  3:25  SCV  
  21  3:29  Factory  
  21  3:32  Factory Tech Lab  
  21  3:37  SCV  
  22  3:42  Marine  
  22  3:46  Marine  
  24  3:53  Orbital Command  
  24  3:59  Siege Tank  
  24  4:00  Marine  
  28  4:04  Marine  
  29  4:20  Factory Reactor  
  29  4:22  Marine  
  28  4:40  Marine  
  29  4:52  Siege Tank  
  28  5:01  Engineering Bay  
  28  5:04  Command Center  
  27  5:09  Supply Depot  
  27  5:16  Marine x2  
  29  5:33  Marine  
  29  5:34  Marine  
  31  5:38  Hellion x2  
  35  5:46  SCV  
  36  5:51  Marine x2  
  37  5:59  Hellion  
  39  6:19  Marine  
  39  6:20  Hellion  
  39  6:22  Missile Turret  
  42  6:30  Missile Turret  
  42  6:31  SCV  
  43  6:42  Marine x2, Missile Turret  
  45  6:48  Hellion  
  45  6:51  Missile Turret  
  47  7:00  Marine x2  
  49  7:03  Orbital Command  
  49  7:04  SCV, Missile Turret  
  50  7:12  Missile Turret  
  50  7:16  SCV  
  50  7:18  Marine  
  40  7:26  Missile Turret  
  40  7:29  SCV  
  29  7:40  Siege Tank  
  29  7:41  Marine  
  34  7:48  Starport, Missile Turret  
  34  7:49  Barracks Tech Lab  
  33  7:54  SCV, Barracks  
  34  7:59  Marine  
  34  8:01  SCV  
  36  8:06  SCV  
  36  8:10  Hellion x2  
  36  8:12  Siege Tank  
  44  8:13  SCV  
  44  8:18  SCV  
  46  8:31  SCV  
  46  8:32  SCV  
  48  8:42  Marauder, Marine  
  48  8:44  SCV x2  
  33  8:56  SCV, Hellion  
  33  8:57  Hellion  
  33  8:59  Marine  
Tags
 
Add a new tag
Caveats
  • Supply blocks, unpowered buildings, or Contaminate may cause inaccurate times.
  • Supply counts are checked every 10 seconds.